 Dungeon Crawl Stone Soup version 0.26.1-11-gd32895ea62 (webtiles) character file.

Game seed: 5620109322991510158

5280 growler the Zephyrmancer (level 10, -6/50 HPs)
             Began as a Tengu Air Elementalist on June 26, 2021.
             Was a Believer of Vehumet.
             Shot with an arrow by a centaur warrior (9 damage)
             ... on level 9 of the Dungeon.
             The game lasted 00:22:33 (12079 turns).

growler the Zephyrmancer (Tengu Air Elementalist)  Turns: 12079, Time: 00:22:33

Health: -6/50      AC:  6    Str: 13    XL:     10   Next: 63%
Magic:  30/32      EV: 14    Int: 18    God:    Vehumet [**....]
Gold:   465        SH:  0    Dex: 14    Spells: 15/25 levels left

rFire    . . .     SeeInvis +   (no weapon)
rCold    . . .     Faith    .   (no shield)
rNeg     . . .     Spirit   .   A - +3 leather armour of Ennui {Harm rPois Str+3}
rPois    +         Reflect  .   (helmet restricted)
rElec    .         Harm     +   (no cloak)
rCorr    .         Rampage  .   (no gloves)
Will     .....                  (boots unavailable)
Stlth    ++........             (no amulet)
HPRegen  0.16/turn              B - ring of magical power
MPRegen  0.23/turn              z - ring of see invisible

@: about to teleport, flying quickly and evasively, quick
A: beak, talons 3, able to fly
a: Stop Flying, Renounce Religion


You were on level 9 of the Dungeon.
You worshipped Vehumet.
Vehumet was pleased with you.
You visited 2 branches of the dungeon, and saw 10 of its levels.

You collected 465 gold pieces.

Inventory:

Missiles
 C - 5 throwing nets {!f}
Armour
 a - a +0 robe
 r - a +2 leather armour of fire resistance
   (You found it on level 4 of the Dungeon)
 t - a +0 cloak
   (You found it on level 4 of the Dungeon)
 A - the +3 leather armour of Ennui (worn) {Harm rPois Str+3}
   (You found it on level 6 of the Dungeon)

   It affects your strength (+3).
   It protects you from poison.
   It increases damage dealt and taken.
 G - a +1 pair of gloves of strength
   (You found it on level 8 of the Dungeon)
Jewellery
 s - an uncursed amulet of guardian spirit
   (You found it on level 4 of the Dungeon)
 u - an uncursed amulet of magic regeneration {unknown}
   (You found it on level 5 of the Dungeon)
 z - a ring of see invisible (right hand)
   (You found it on level 6 of the Dungeon)
 B - a ring of magical power (left hand)
   (You found it on level 6 of the Dungeon)
 D - an uncursed ring of protection from fire {unknown}
   (You found it on level 6 of the Dungeon)
 H - an uncursed ring of flight {unknown}
   (You found it on level 8 of the Dungeon)
Wands
 q - a wand of polymorph (10)
   (You found it on level 4 of the Dungeon)
 v - a wand of digging (5)
   (You found it on level 5 of the Dungeon)
 I - a wand of enslavement (7)
   (You found it on level 9 of the Dungeon)
Scrolls
 b - a scroll of random uselessness {unknown}
 c - 7 scrolls of remove curse {@r2}
 h - 14 scrolls of identify {@r1}
 j - a scroll of magic mapping {unknown}
 k - 2 scrolls of immolation {unknown}
 l - 2 scrolls of amnesia
 m - 2 scrolls of noise {!r}
 o - 2 scrolls of enchant weapon {unknown}
 E - a scroll of teleportation {@r4}
 F - a scroll of silence {unknown}
Potions
 d - 4 potions of invisibility
 e - 3 potions of brilliance {unknown}
 f - 3 potions of might {unknown}
 g - 3 potions of degeneration {unknown}
 i - a potion of haste {unknown}
 n - 3 potions of flight {unknown}
 p - 4 potions of curing {unknown}
 w - a potion of resistance {unknown}
 x - a potion of magic {unknown}


   Skills:
 - Level 2.1 Dodging
 - Level 2.0 Stealth
 + Level 8.4 Spellcasting
 + Level 11.5 Conjurations
 + Level 12.0 Air Magic


You had 15 spell levels left.
You knew the following spells:

 Your Spells              Type           Power        Failure   Level
a - Shock                 Conj/Air       100%         1%          1
b - Airstrike             Air            25%          1%          4
d - Static Discharge      Conj/Air       50%          1%          3
s - Swiftness             Air            50%          1%          2

Your spell library contained the following spells:

 Spells                   Type           Power        Failure   Level
 Searing Ray              Conj           98%          1%          2
 Lightning Bolt           Conj/Air       25%          2%          5
 Animate Skeleton         Necr           14%          12%         1
 Pain                     Necr           28%          12%         1
 Confusing Touch          Hex            7%           34%         3
 Gell's Gravitas          Tloc           3%           34%         3
 Vampiric Draining        Necr           3%           34%         3
 Animate Dead             Necr           3%           75%         4
 Petrify                  Tmut/Erth      7%           75%         4
 Agony                    Necr           7%           97%         5
 Metabolic Englaciation   Hex/Ice        3%           97%         5
 Yara's Violent Unravell  Hex/Tmut       3%           97%         5


Dungeon Overview and Level Annotations

Branches:
Dungeon (9/15)             Temple (1/1) D:5
   Lair: D:8-11         Orc: D:9-12

Altars:
Ashenzari
Cheibriados
Dithmenos
Elyvilon
Fedhas
Gozag
Hepliaklqana
Kikubaaqudgha
Makhleb
Nemelex Xobeh
Okawaru
Qazlal
Ru
Sif Muna
Trog
Vehumet
Wu Jian
Xom
Yredelemnul
Zin
The Shining One

Annotations:
D:3 Grinder


Innate Abilities, Weirdness & Mutations

You have a beak for a mouth.
You have claws for feet.
You can fly continuously.


Message History

You can't see any susceptible monsters within range! (Use Z to cast anyway.) Unknown command.
You see here a hound corpse.
Found a runed battleaxe.
Found a scroll labelled VYQAZUDUED.
h - 15 scrolls labelled VYQAZUDUED (gained 1)
A centaur warrior comes into view.
The centaur warrior shouts!
The centaur warrior wields a +0 shortbow.
The centaur warrior shoots an arrow.
The arrow barely misses you.
A manticore comes into view.
You see here an arrow.
As you read the scroll labelled TOP OLEOW ANAVEAQ, it crumbles to dust.
The scroll dissolves into smoke.
It was a scroll of fog.
The manticore flicks its tail.
The volley of spikes hits you but does no damage.
The centaur warrior shoots an arrow.
The arrow hits you!
As you read the scroll labelled VYQAZUDUED, it crumbles to dust.
It is a scroll of identify.
s - an uncursed amulet of guardian spirit The centaur warrior unwields a +0 shortbow.
The centaur warrior hits you but does no damage.
The centaur warrior is struck by an arc of lightning!
Something is struck by an arc of lightning.
The lightning grounds out.
The centaur warrior hits you!
As you read the scroll labelled PIAXOA HIPLAETH, it crumbles to dust.
You feel blessed for a moment.
It was a scroll of remove curse.
The centaur warrior hits you but does no damage.
As you read the scroll labelled LUURUU HIET, it crumbles to dust.
It is a scroll of amnesia.
Really abort (and waste the scroll)?
Okay, then.
The centaur warrior hits you!
* * * LOW HITPOINT WARNING * * *
The centaur warrior hits you.
* * * LOW HITPOINT WARNING * * *
As you read the scroll labelled ERCHOCS QYAQAM, it crumbles to dust.
You hear a loud clanging noise!
It was a scroll of noise.
You hear an angry buzzing noise.
You hear a shout!
You hear an angry hiss.
You hear an angry buzzing noise.
The centaur warrior hits you but does no damage.
As you read the scroll labelled KYMIRO EMEA, it crumbles to dust.
You feel strangely unstable.
It was a scroll of teleportation.
The centaur warrior hits you!
* * * LOW HITPOINT WARNING * * *
The centaur warrior hits you but does no damage.
The centaur warrior wields a +0 shortbow.
The centaur warrior shoots an arrow.
The arrow hits you!
You die...

.....###....###
.......###....###
...##...)###...}#
.......###....###
.....###....###
.#.###....### ####
.#.#....###.. ###§§#
......###....###.§cH#
....###....###..@§#§#
#.###....###....###c#
#.#....###....### H§#
............### ...#
############# #####
..#.........#
..#.........#
..#.........#
..#....######


You could see a centaur warrior.

Vanquished Creatures
  A two-headed ogre (D:8)
  2 unseen horrors
  A troll (D:9)
  A slime creature (D:9)
  A wyvern (D:9)
  A wraith (D:9)
  A vampire mosquito (D:9)
  2 ice beasts (D:8)
  A sky beast (D:6)
  2 phantoms
  An eye of draining (D:9)
  A centaur (D:8)
  6 ogres
  2 bullfrogs
  A gnoll sergeant (D:6)
  2 wyvern zombies
  A scorpion (D:6)
  3 killer bees (D:8)
  7 wights (D:9)
  2 howler monkeys
  A centaur zombie (D:5)
  A quasit (D:8)
  3 hounds
  A bullfrog zombie (D:7)
  3 orc wizards
  2 centaur skeletons
  2 iguanas (D:8)
  3 worker ants
  Terence (D:3)
  10 gnolls
  7 adders
  3 white imps
  2 oozes
  An adder skeleton (D:8)
  A worm (D:7)
  A dart slug (D:1)
  7 leopard geckos
  16 orcs
  10 giant cockroaches
  9 goblins
  10 hobgoblins
  11 jackals
  4 quokkas
  6 ball pythons
  10 bats
  8 frilled lizards
  2 giant cockroach zombies (D:5)
  A jackal zombie (D:6)
  12 kobolds
  A quokka skeleton (D:4)
  5 rats
193 creatures vanquished.

Vanquished Creatures (others)
  64 plants
64 creatures vanquished.

Grand Total: 257 creatures vanquished

Notes
Turn   | Place    | Note
-------+----------+-------------------------------------------
     0 | D:1      | growler the Tengu Air Elementalist began the quest for the
                  | Orb.
     0 | D:1      | Reached XP level 1. HP: 10/10 MP: 4/4
   426 | D:1      | Reached XP level 2. HP: 13/15 MP: 1/6
   615 | D:1      | Learned a level 2 spell: Swiftness
   802 | D:1      | Reached XP level 3. HP: 19/19 MP: 4/7
  1469 | D:1      | Learned a level 3 spell: Static Discharge
  1750 | D:2      | Reached XP level 4. HP: 22/24 MP: 4/9
  1885 | D:2      | Reached skill level 5 in Air Magic
  2569 | D:3      | Noticed Grinder
  2949 | D:3      | Noticed Terence
  2960 | D:3      | Killed Terence
  3741 | D:4      | Gained mutation: You can fly continuously. [Tengu growth]
  3741 | D:4      | Reached XP level 5. HP: 26/28 MP: 6/10
  3892 | D:4      | Noticed an ogre
  3906 | D:4      | Killed an ogre
  4198 | D:4      | Learned a level 4 spell: Airstrike
  4349 | D:4      | Reached XP level 6. HP: 16/32 MP: 7/12
  4575 | D:4      | Reached skill level 6 in Air Magic
  5538 | D:5      | Entered Level 5 of the Dungeon
  5700 | D:5      | Noticed a phantom
  5984 | D:5      | Reached skill level 5 in Conjurations
  5986 | D:5      | Killed a phantom
  5987 | D:5      | Reached XP level 7. HP: 33/36 MP: 0/14
  6555 | D:5      | Reached skill level 7 in Air Magic
  6770 | D:5      | Found a staircase to the Ecumenical Temple.
  6805 | Temple   | Entered the Ecumenical Temple
  7022 | Temple   | Became a worshipper of Vehumet
  7398 | D:6      | Reached skill level 5 in Spellcasting
  7398 | D:6      | Reached XP level 8. HP: 41/41 MP: 7/16
  7486 | D:6      | Reached skill level 8 in Air Magic
  7815 | D:6      | Got an ancient leather armour
  7835 | D:6      | Identified the +3 leather armour of Ennui {Harm rPois
                  | Str+3} (You found it on level 6 of the Dungeon)
  8218 | D:6      | Found a bloodstained altar of Trog.
  8990 | D:7      | Reached * piety under Vehumet
  8990 | D:7      | Offered knowledge of Sandblast by Vehumet.
  9151 | D:7      | Found a snail-covered altar of Cheibriados.
  9615 | D:8      | Reached skill level 9 in Air Magic
  9787 | D:8      | Reached XP level 9. HP: 45/45 MP: 15/19
  9863 | D:8      | Found an iron altar of Okawaru.
 10102 | D:8      | Noticed an unseen horror
 10105 | D:8      | Killed an unseen horror
 10106 | D:8      | Reached skill level 10 in Air Magic
 10681 | D:8      | Noticed a two-headed ogre
 10684 | D:8      | Killed a two-headed ogre
 10685 | D:8      | Reached skill level 10 in Conjurations
 10685 | D:8      | Reached skill level 11 in Air Magic
 10685 | D:8      | Reached XP level 10. HP: 50/50 MP: 17/22
 10746 | D:8      | Found a basalt altar of Yredelemnul.
 10748 | D:8      | Found a sacrificial altar of Ru.
 10748 | D:8      | Found an ornate altar of the Wu Jian Council.
 10799 | D:8      | Offered knowledge of Searing Ray by Vehumet.
 11140 | D:8      | Found a shadowy altar of Dithmenos.
 11422 | D:9      | Reached ** piety under Vehumet
 11541 | D:9      | Noticed an unseen horror
 11545 | D:9      | Killed an unseen horror
 11789 | D:9      | Reached skill level 12 in Air Magic
 12069 | D:9      | Noticed a centaur warrior
 12069 | D:9      | Noticed a manticore
 12079 | D:9      | Shot with an arrow by a centaur warrior

Illustrated notes

Levels and vault maps discovered:
D:1:      lemuel_arrival_room, layout_basic
D:2:      layout_loops_ring
D:3:      layout_loops_cross, uniq_terence, uniq_grinder
D:4:      wad_woods_settlement, layout_basic, serial_glass, glass_columns_b,
          glass_columns_b, minmay_misc_feat_encased, hangedman_decor_slide_cut,
          minmay_fractal_squares_diagonal_5
D:5:      layout_rooms, minmay_temple_entry_gardened_gates
D:6:      layout_cave_pods, grunt_decor_junction, trog_hazing_becter
D:7:      layout_basic, cheibrodos_worm_habitat
D:8:      layout_loops_corners, gammafunk_temple_overflow_pools,
          nicolae_overflow_hidden_temple, marbit_many_paths,
          grunt_ministairs_14, okawaru_gym_becter
D:9:      minmay_tri_box, layout_stronghold
Temple:   hc_temple_tempest_star

Skill      XL: |  1  2  3  4  5  6  7  8  9 10 |
---------------+-------------------------------+-----
Conjurations   | 2 3 4 5 6 8 10 11 | 11.5
Air Magic      | 5 6 7 9 11 12 | 12.0
Spellcasting   | 3 4 5 6 7 8 |  8.4
Dodging        | |  2.1
Stealth        | |  2.0

Action                   |  1- 3 |  4- 6 |  7- 9 | 10-12 || total
-------------------------+-------+-------+-------+-------++-------
Melee: Unarmed           |     8 |    28 |    57 |     6 ||    99
       Kick              |       |     9 |    17 |     2 ||    28
       Peck              |       |     3 |    12 |     1 ||    16
 Cast: Shock             |    89 |   113 |    44 |       ||   246
       Static Discharge  |       |     7 |    11 |     1 ||    19
       Airstrike         |       |     2 |    58 |    42 ||   102
 Abil: Fly               |       |     1 |       |       ||     1
  Use: Scroll            |       |       |       |     6 ||     6
Armor: Robe              |     9 |       |       |       ||     9
       Leather armour    |       |    17 |    13 |     7 ||    37
Dodge: Dodged            |    23 |    48 |    67 |     5 ||   143
